AoeStats
← [KMNB] Bandeira

African Clearing

505898861Analyzed
3v3 RM · 22d ago on Sep 11, 2026· 63m 27s· 6 players
Game mode
Random Map
Map size
Normal (6 player)
Population
200
Speed
Normal
Resources
Standard
Victory
Conquest
Starting age
Dark Age
Ending age
Imperial Age
RankedLock teamsTeams togetherTeam positionsShared explorationLock speedFull tech treeHidden civsTurbo modeCheats
Victory
Defeat
🇧🇷 Ethiopians · Brazil
1574
+11
🇧🇷 Huns · Brazil
1571
+10
🇧🇷 Magyars · Brazil
1558
+10
🇷🇺 Mongols · Russia
1574
-15
🇷🇺 Wei · Russia
1410
-9
🇷🇺 Vietnamese · Russia
1320
-7
[KMNB] Dedão
3:13 Loom
13:32 Feudal Age
14:11 Double-Bit Axe
18:44 Castle Age
17:16 Fletching
17:39 Horse Collar
18:32 Gold Mining
18:56 Bloodlines
19:53 Bow Saw
19:53 Bodkin Arrow
23:41 Husbandry
24:54 Ballistics
27:43 Wheelbarrow
27:41 Padded Archer Armor
34:34 Town Watch
37:21 Hand Cart
37:04 Stone Mining
40:55 Imperial Age
39:39 Leather Archer Armor
40:37 Gold Shaft Mining
39:28 Light Cavalry
40:16 Scale Barding Armor
40:25 Thumb Ring
42:35 Chemistry
41:39 Bracer
42:10 Conscription
42:50 Parthian Tactics
43:02 Forging
42:55 Heavy Cavalry Archer
44:23 Chain Barding Armor
44:39 Iron Casting
45:18 Masonry
45:49 Plate Barding Armor
45:26 Hussar
49:00 Blast Furnace
53:30 Sappers
53:58 Murder Holes
58:45 Town Patrol
59:47 Two-Man Saw
58:49 Heavy Plow
61:48 Elite Tarkan
63:23 Marauders
[KMNB] Bandeira
3:00 Loom
12:07 Feudal Age
13:23 Double-Bit Axe
19:26 Scale Barding Armor
24:31 Castle Age
24:35 Bloodlines
24:32 Horse Collar
24:56 Gold Mining
25:43 Chain Barding Armor
28:30 Husbandry
37:34 Wheelbarrow
40:32 Heavy Plow
48:04 Imperial Age
48:07 Hand Cart
47:18 Light Cavalry
48:14 Cavalier
49:41 Plate Barding Armor
49:42 Hussar
50:56 Bow Saw
51:24 Crop Rotation
51:00 Paladin
[KMNB] Galodoido
11:31 Feudal Age
10:03 Loom
17:33 Fletching
20:21 Double-Bit Axe
21:01 Padded Archer Armor
27:30 Castle Age
25:38 Gold Mining
26:47 Horse Collar
27:56 Crossbowman
28:31 Bodkin Arrow
29:53 Bow Saw
30:19 Ballistics
30:11 Heavy Plow
31:41 Leather Archer Armor
34:40 Gold Shaft Mining
34:30 Stone Mining
34:48 Fishing Lines
37:06 Wheelbarrow
38:20 Stone Shaft Mining
39:08 Thumb Ring
39:13 Forging
40:49 Hand Cart
44:22 Imperial Age
42:53 Iron Casting
43:15 Squires
43:16 Scale Mail Armor
44:38 Chain Mail Armor
44:29 Town Watch
44:25 Arbalester
45:11 Bracer
45:55 Ring Archer Armor
47:17 Two-Man Saw
47:33 Chemistry
46:22 Halberdier
47:15 Gillnets
48:56 Blast Furnace
48:27 Plate Mail Armor
47:54 Arson
48:34 Conscription
48:49 Masonry
49:03 Town Patrol
49:25 Royal Heirs
49:15 Elite Shotel Warrior
50:40 Architecture
50:06 Murder Holes
52:26 Coinage
55:57 Banking
55:29 Caravan
60:44 Elite Skirmisher
nikolay.borisbl4
10:29 Loom
12:54 Feudal Age
13:44 Double-Bit Axe
13:48 Town Watch
15:25 Fletching
16:21 Wheelbarrow
31:39 Castle Age
33:56 Bow Saw
38:41 Horse Collar
41:18 Heavy Plow
43:51 Hand Cart
47:35 Gold Mining
52:55 Imperial Age
50:09 Treadmill Crane
50:51 Ballistics
51:20 Bloodlines
51:11 Husbandry
53:39 Chatras
54:56 Chemistry
54:57 Scale Barding Armor
55:03 Forging
54:26 Elite Battle Elephant
56:06 Chain Barding Armor
57:24 Plate Barding Armor
57:24 Iron Casting
60:06 Bodkin Arrow
60:12 Padded Archer Armor
61:03 Bracer
62:25 Paper Money
63:36 Leather Archer Armor
Budd1st
10:29 Loom
12:17 Feudal Age
16:24 Castle Age
15:54 Fletching
17:20 Double-Bit Axe
17:33 Bodkin Arrow
23:19 Ballistics
24:18 Padded Archer Armor
32:29 Wheelbarrow
34:48 Bow Saw
35:24 Leather Archer Armor
36:33 Bloodlines
36:16 Horse Collar
36:53 Husbandry
42:48 Town Watch
47:36 Imperial Age
47:16 Heavy Plow
47:07 Gold Mining
47:08 Stone Mining
48:28 Bracer
49:30 Chemistry
48:26 Elite Mangudai
53:05 Hand Cart
53:27 Conscription
GELO163Rus
5:23 Loom
13:33 Feudal Age
13:59 Double-Bit Axe
15:08 Horse Collar
20:44 Castle Age
19:06 Gold Mining
20:10 Scale Barding Armor
20:23 Bloodlines
21:36 Husbandry
25:47 Forging
27:39 Chain Barding Armor
29:34 Heavy Plow
29:48 Bow Saw
30:35 Light Cavalry
31:35 Town Watch
33:38 Iron Casting
33:29 Fletching
34:25 Padded Archer Armor
35:35 Wheelbarrow
41:29 Imperial Age
40:55 Hand Cart
41:28 Gold Shaft Mining
40:44 Stone Mining
42:00 Murder Holes
42:26 Ballistics
43:26 Blast Furnace
43:03 Heavy Hei Guang Cavalry
43:46 Town Patrol
44:09 Bodkin Arrow
45:09 Crop Rotation
45:08 Bracer
45:36 Conscription
46:21 Ming Guang Armor
50:28 Leather Archer Armor
50:54 Masonry
52:33 Hussar
54:56 Elite Skirmisher
57:28 Chemistry
55:53 Imperial Skirmisher
58:01 Ring Archer Armor
Connection lost

Rejoining the realm…

Still unreachable

The connection could not be restored.

Session expired

The server has moved on; the page needs a fresh start.